MID
CLINTON LUMBERKINGS @ CHARLESTON RIVERDOGS
09/25/2044
 
TOP OF THE 1ST
Clinton LumberKings batting - Pitching for Charleston RiverDogs : RHP Jason Barlow
Pitching: RHP Jason Barlow
Batting: RHB Rick Ellis 0-0: Foul Ball, location: 2F
0-1: Fly out, F8 (Flyball, 8LM, EV 92.5 MPH)
Batting: LHB William Warren 0-0: Called Strike
0-1: Ground out 5-3 (Groundball, 56, EV 95.0 MPH)
Pitching: RHP William Beran
Batting: LHB Jason Hopkins 0-0: Ball
1-0: Foul Ball, location: 2F
1-1: Swinging Strike
1-2: Ball
2-2: Strikes out looking
Top of the 1st over - 0 runs, 0 hits, 0 errors, 0 left on base; Clinton 0 - Charleston 0
BOTTOM OF THE 1ST
Charleston RiverDogs batting - Pitching for Clinton LumberKings : RHP Kyle Wood
Pitching: RHP Kyle Wood
Batting: SHB Mike Goad 0-0: Called Strike
0-1: Fly out, F3 (Popup, 3SF, EV 75.0 MPH)
Batting: RHB James Boynton 0-0: Foul Ball, location: 2F
0-1: Swinging Strike
0-2: Ground out U3 (Groundball, 34, EV 81.9 MPH)
Batting: LHB Matt Steinke 0-0: Called Strike
0-1: Ball
1-1: Swinging Strike
1-2: Ball
2-2: Foul Ball, location: 2F
2-2: Foul Ball, location: 2F
2-2: Ball
3-2: TRIPLE (Line Drive, 89XD, EV 106.9 MPH)
Batting: LHB Tatsuo Yasui 0-0: Foul Ball, location: 2F
0-1: Ball
1-1: Ball
2-1: SINGLE (Groundball, 34D, EV 105.0 MPH) (infield hit)
Matt Steinke scores
Batting: RHB Mike Gifford 0-0: Called Strike
Tatsuo Yasui is caught stealing 2nd base 2-4
Bottom of the 1st over - 1 run, 2 hits, 0 errors, 0 left on base; Clinton 0 - Charleston 1
TOP OF THE 2ND
Clinton LumberKings batting - Pitching for Charleston RiverDogs : RHP William Beran
Batting: LHB Justin Long 0-0: Fly out, F7 (Flyball, 7LS, EV 83.8 MPH)
Batting: SHB Jose Castillo 0-0: Ball
1-0: Swinging Strike
1-1: Ground out U3 (Groundball, 34, EV 96.2 MPH)
Batting: LHB Brian Butler 0-0: Ball
1-0: Ball
2-0: Swinging Strike
2-1: Ball
3-1: Base on Balls
Batting: LHB Ryan Rothenbach 0-0: Ball
1-0: Foul Ball, location: 2F
1-1: Swinging Strike
1-2: Ball
2-2: Strikes out looking
Top of the 2nd over - 0 runs, 0 hits, 0 errors, 1 left on base; Clinton 0 - Charleston 1
BOTTOM OF THE 2ND
Charleston RiverDogs batting - Pitching for Clinton LumberKings : RHP Kyle Wood
Batting: RHB Mike Gifford 0-0: Called Strike
0-1: Ground out 4-3 (Groundball, 4M, EV 88.1 MPH)
Batting: LHB Ryan Rodgers 0-0: Foul Ball, location: 2F
0-1: Foul Ball, location: 2F
0-2: Foul Ball, location: 2F
0-2: Ball
1-2: Ball
2-2: Ball
3-2: Base on Balls
Batting: LHB Eddie Ramirez 0-0: Ball
Wild Pitch!
Ryan Rodgers to second
1-0: Ball
2-0: Ball
3-0: Base on Balls
Batting: RHB Eric Blais 0-0: SINGLE (Groundball, 6MD, EV 94.4 MPH)
Ryan Rodgers to third
Eddie Ramirez to second
Batting: RHB Tony Saenz 0-0: Foul Ball, location: 2F
0-1: Swinging Strike
0-2: Fielders Choice at 2nd, 6-4 (Groundball, 6, EV 110.0 MPH)
Ryan Rodgers scores
Eddie Ramirez to third
Batting: SHB Mike Goad 0-0: Foul Ball, location: 2F
0-1: Ball
1-1: Fly out, F9 (Line Drive, 9, EV 101.9 MPH)
Bottom of the 2nd over - 1 run, 1 hit, 0 errors, 2 left on base; Clinton 0 - Charleston 2
TOP OF THE 3RD
Clinton LumberKings batting - Pitching for Charleston RiverDogs : RHP William Beran
Batting: RHB Emmanuel Thomas 0-0: Ball
1-0: Called Strike
1-1: Ball
2-1: Called Strike
2-2: Foul Ball, location: 2F
2-2: Strikes out swinging
Batting: SHB Victor Rijos 0-0: Ball
1-0: Called Strike
1-1: Ball
2-1: Called Strike
2-2: Ball
3-2: Strikes out looking
Batting: RHB Rick Ellis 0-0: Foul Ball, location: 2F
0-1: SINGLE (Flyball, 56D, EV 89.4 MPH)
Batting: LHB William Warren 0-0: Ball
1-0: Fly out, F6 (Popup, 4M, EV 70.6 MPH)
Top of the 3rd over - 0 runs, 1 hit, 0 errors, 1 left on base; Clinton 0 - Charleston 2
BOTTOM OF THE 3RD
Charleston RiverDogs batting - Pitching for Clinton LumberKings : RHP Kyle Wood
Batting: RHB James Boynton 0-0: Called Strike
0-1: Foul Ball, location: 2F
0-2: Ball
1-2: Ball
2-2: Fly out, F9 (Flyball, 89D, EV 88.8 MPH)
Batting: LHB Matt Steinke 0-0: Called Strike
0-1: Called Strike
0-2: Ball
1-2: Strikes out looking
Batting: LHB Tatsuo Yasui 0-0: Ball
1-0: Ball
2-0: Called Strike
2-1: Foul Ball, location: 2F
2-2: Ball
3-2: Ground out U3 (Groundball, 3, EV 88.8 MPH)
Bottom of the 3rd over - 0 runs, 0 hits, 0 errors, 0 left on base; Clinton 0 - Charleston 2
TOP OF THE 4TH
Clinton LumberKings batting - Pitching for Charleston RiverDogs : RHP William Beran
Batting: LHB Jason Hopkins 0-0: Ball
1-0: Fly out, F5 (Popup, 25, EV 81.9 MPH)
Batting: LHB Justin Long 0-0: Called Strike
0-1: Ball
1-1: Ball
2-1: Foul Ball, location: 2F
2-2: Foul Ball, location: 2F
2-2: Foul Ball, location: 2F
2-2: Ground out 5-3 (Groundball, 5, EV 108.8 MPH)
Batting: SHB Jose Castillo 0-0: Ball
1-0: Foul Ball, location: 2F
1-1: Called Strike
1-2: Ball
2-2: Strikes out looking
Top of the 4th over - 0 runs, 0 hits, 0 errors, 0 left on base; Clinton 0 - Charleston 2
BOTTOM OF THE 4TH
Charleston RiverDogs batting - Pitching for Clinton LumberKings : RHP Kyle Wood
Batting: RHB Mike Gifford 0-0: Foul Ball, location: 2F
0-1: Ball
1-1: Swinging Strike
1-2: Foul Ball, location: 2F
1-2: Foul Ball, location: 2F
1-2: Ball
2-2: SINGLE (Groundball, 34D, EV 101.2 MPH)
Batting: LHB Ryan Rodgers 0-0: Foul Ball, location: 2F
0-1: Ball
1-1: Ball
2-1: Called Strike
Mike Gifford steals 2nd base
2-2: Ball
3-2: Fly out, F8 (Flyball, 78XD, EV 93.8 MPH)
Runner from 2nd tags up, SAFE at 3rd, no throw by CF
Batting: LHB Eddie Ramirez 0-0: Called Strike
0-1: Ball
1-1: Ball
2-1: Called Strike
2-2: Ball
3-2: Strikes out swinging
Batting: RHB Eric Blais 0-0: SINGLE (Groundball, 34D, EV 104.4 MPH)
Mike Gifford scores
Batting: RHB Tony Saenz 0-0: Ball
1-0: Called Strike
1-1: Called Strike
1-2: Reached on error, E5 (Groundball, 56, EV 86.9 MPH)
Eric Blais to second
Batting: SHB Mike Goad 0-0: Ball
1-0: Fly out, F9 (Flyball, 9, EV 87.5 MPH)
Bottom of the 4th over - 1 run, 2 hits, 1 error, 2 left on base; Clinton 0 - Charleston 3
TOP OF THE 5TH
Clinton LumberKings batting - Pitching for Charleston RiverDogs : RHP William Beran
Batting: LHB Brian Butler 0-0: Called Strike
0-1: Called Strike
0-2: Ground out 4-3 (Groundball, 4, EV 108.8 MPH)
Batting: LHB Ryan Rothenbach 0-0: Foul Ball, location: 2F
0-1: Ball
1-1: Fly out, F7 (Line Drive, 7D, EV 90.0 MPH)
Batting: RHB Emmanuel Thomas 0-0: Swinging Strike
0-1: Called Strike
0-2: Strikes out swinging
Top of the 5th over - 0 runs, 0 hits, 0 errors, 0 left on base; Clinton 0 - Charleston 3
BOTTOM OF THE 5TH
Charleston RiverDogs batting - Pitching for Clinton LumberKings : RHP Kyle Wood
Batting: RHB James Boynton 0-0: Ball
1-0: Called Strike
1-1: Foul Ball, location: 2F
1-2: SINGLE (Line Drive, 34, EV 102.5 MPH)
Pitching: RHP Yic Chen
Batting: LHB Matt Steinke 0-0: Fly out, F8 (Flyball, 8LD, EV 101.2 MPH)
Batting: LHB Tatsuo Yasui 0-0: Called Strike
0-1: Ball
1-1: SINGLE (Flyball, 8RS, EV 83.8 MPH)
James Boynton to second
Batting: RHB Mike Gifford 0-0: Ball
1-0: Ball
2-0: Called Strike
2-1: Foul Ball, location: 2F
2-2: Foul Ball, location: 2F
2-2: Foul Ball, location: 2F
2-2: Strikes out looking
Batting: LHB Ryan Rodgers 0-0: Foul Ball, location: 2F
0-1: Foul Ball, location: 2F
0-2: Foul Ball, location: 2F
0-2: Foul Ball, location: 2F
0-2: DOUBLE (Line Drive, 3D, EV 96.2 MPH)
James Boynton scores
Tatsuo Yasui to third
Batting: LHB Eddie Ramirez 0-0: Ground out 4-3 (Groundball, 4, EV 88.1 MPH)
Bottom of the 5th over - 1 run, 3 hits, 0 errors, 2 left on base; Clinton 0 - Charleston 4
TOP OF THE 6TH
Clinton LumberKings batting - Pitching for Charleston RiverDogs : RHP William Beran
Batting: SHB Victor Rijos 0-0: Ball
1-0: Ball
2-0: Ball
3-0: Called Strike
3-1: Fly out, F7 (Line Drive, 7, EV 94.4 MPH)
Batting: RHB Rick Ellis 0-0: Swinging Strike
0-1: Ball
1-1: Ground out 4-3 (Groundball, 4, EV 80.0 MPH)
Batting: LHB William Warren 0-0: Ball
1-0: Ground out 1-3 (Groundball, 13, EV 73.8 MPH)
Top of the 6th over - 0 runs, 0 hits, 0 errors, 0 left on base; Clinton 0 - Charleston 4
BOTTOM OF THE 6TH
Charleston RiverDogs batting - Pitching for Clinton LumberKings : RHP Yic Chen
Batting: RHB Eric Blais 0-0: Foul Ball, location: 2F
0-1: Ground out 1-3 (Groundball, 13S, EV 71.9 MPH)
Batting: RHB Tony Saenz 0-0: Ground out 5-3 (Groundball, 56, EV 87.5 MPH)
Batting: SHB Mike Goad 0-0: Called Strike
0-1: Called Strike
0-2: Ball
1-2: Ball
2-2: Ball
3-2: Strikes out swinging
Bottom of the 6th over - 0 runs, 0 hits, 0 errors, 0 left on base; Clinton 0 - Charleston 4
TOP OF THE 7TH
Clinton LumberKings batting - Pitching for Charleston RiverDogs : RHP William Beran
Pitching: LHP Angel Diaz
Batting: LHB Jason Hopkins 0-0: Called Strike
0-1: Swinging Strike
0-2: Foul Ball, location: 2F
0-2: Foul Ball, location: 2F
0-2: Ball
1-2: Strikes out swinging
Batting: LHB Justin Long 0-0: Foul Ball, location: 2F
0-1: Foul Ball, location: 2F
0-2: Ball
1-2: Ball
2-2: Foul Ball, location: 2F
2-2: Ball
3-2: Fly out, F8 (Flyball, 8LM, EV 86.2 MPH)
Batting: SHB Jose Castillo 0-0: Foul Ball, location: 2F
0-1: Ball
1-1: Called Strike
1-2: Ground out 6-3 (Groundball, 6, EV 87.5 MPH)
Top of the 7th over - 0 runs, 0 hits, 0 errors, 0 left on base; Clinton 0 - Charleston 4
BOTTOM OF THE 7TH
Charleston RiverDogs batting - Pitching for Clinton LumberKings : RHP Yic Chen
Pitching: LHP Rentaro Minami
Batting: RHB James Boynton 0-0: Called Strike
0-1: SINGLE (Groundball, 6MD, EV 102.5 MPH)
Batting: LHB Matt Steinke 0-0: Called Strike
0-1: Ball
1-1: Called Strike
1-2: Ball
2-2: Ball
3-2: SINGLE (Groundball, 56S, EV 66.9 MPH) (infield hit)
James Boynton to second
Batting: LHB Tatsuo Yasui 0-0: Ball
1-0: Ball
2-0: Ball
3-0: Called Strike
3-1: SINGLE (Groundball, 34D, EV 105.6 MPH)
James Boynton to third
Matt Steinke to second
Batting: RHB Mike Gifford 0-0: Fielders Choice at 2nd, 3-6 (Groundball, 34, EV 82.5 MPH)
James Boynton scores
Matt Steinke to third
Batting: LHB Ryan Rodgers 0-0: Called Strike
0-1: Ball
1-1: Swinging Strike
1-2: Ball
2-2: Strikes out swinging
Batting: LHB Eddie Ramirez 0-0: Ball
1-0: Called Strike
1-1: Ball
2-1: SINGLE (Groundball, 3D, EV 99.4 MPH)
Matt Steinke scores
Mike Gifford to second
Runner from 2nd tries for 3rd, SAFE, throw by RF made at trailing runner, OUT! 9-6
Bottom of the 7th over - 2 runs, 4 hits, 0 errors, 1 left on base; Clinton 0 - Charleston 6
TOP OF THE 8TH
Clinton LumberKings batting - Pitching for Charleston RiverDogs : LHP Angel Diaz
Pinch Hitting: RHB Josh Ruhl 0-0: Swinging Strike
0-1: Foul Ball, location: 2F
0-2: Foul Ball, location: 2F
0-2: Ball
1-2: SOLO HOME RUN (Flyball, 78XD, EV 116.2 MPH), Distance : 463 ft
Batting: LHB Ryan Rothenbach 0-0: Ground out 4-3 (Groundball, 34, EV 83.1 MPH)
Batting: RHB Emmanuel Thomas 0-0: Ball
1-0: Called Strike
1-1: Fly out, F3 (Line Drive, 3, EV 64.4 MPH)
Batting: SHB Victor Rijos 0-0: Ball
1-0: Foul Ball, location: 2F
1-1: Ball
2-1: Foul Ball, location: 2F
2-2: Ground out 4-3 (Groundball, 4S, EV 85.0 MPH)
Top of the 8th over - 1 run, 1 hit, 0 errors, 0 left on base; Clinton 1 - Charleston 6
BOTTOM OF THE 8TH
Charleston RiverDogs batting - Pitching for Clinton LumberKings : LHP Rentaro Minami
Now at 1B: Josh Ruhl
Batting: RHB Eric Blais 0-0: Fly out, F9 (Flyball, 89D, EV 107.5 MPH)
Batting: RHB Tony Saenz 0-0: Ball
1-0: Foul Ball, location: 2F
1-1: Called Strike
1-2: Ball
2-2: Ball
3-2: Foul Ball, location: 2F
3-2: Foul Ball, location: 2F
3-2: DOUBLE (Groundball, 5L, EV 98.1 MPH)
Batting: SHB Mike Goad 0-0: Foul Ball, location: 2F
0-1: Foul Ball, location: 2F
0-2: Foul Ball, location: 2F
0-2: Ball
1-2: Foul Ball, location: 2F
1-2: Ball
2-2: Strikes out swinging
Pitching: LHP Justin Neikirk
Batting: RHB James Boynton 0-0: SINGLE (Groundball, 56S, EV 61.9 MPH) (infield hit)
Tony Saenz to third
Batting: LHB Matt Steinke 0-0: Called Strike
0-1: Called Strike
0-2: Foul Ball, location: 2F
0-2: Ground out 2-3 (Groundball, 13S, EV 65.0 MPH)
Bottom of the 8th over - 0 runs, 2 hits, 0 errors, 2 left on base; Clinton 1 - Charleston 6
TOP OF THE 9TH
Clinton LumberKings batting - Pitching for Charleston RiverDogs : LHP Angel Diaz
Batting: RHB Rick Ellis 0-0: DOUBLE (Line Drive, 7LS, EV 106.9 MPH)
Batting: LHB William Warren 0-0: Fly out, F2 (Popup, 25F, EV 91.2 MPH)
Batting: LHB Jason Hopkins 0-0: Called Strike
0-1: Called Strike
0-2: Ground out U3 (Groundball, 3L, EV 105.6 MPH)
Rick Ellis to third
Batting: LHB Justin Long 0-0: Fly out, F8 (Flyball, 8RS, EV 91.2 MPH)
Top of the 9th over - 0 runs, 1 hit, 0 errors, 1 left on base; Clinton 1 - Charleston 6
Thursday, March 31st , 2022 - OOTP Baseball 22.12 Build 89